 Dungeon Crawl Stone Soup version 0.20.1-1-g8b1a95d (webtiles) character file.

105 Jazqa the Sneak (level 4, -1/30 HPs)
             Began as a Vampire Enchanter on Oct 31, 2017.
             Slain by an adder (3 damage)
             ... on level 3 of the Dungeon.
             The game lasted 00:04:24 (2091 turns).

Jazqa the Sneak (Vampire Enchanter)                 Turns: 2091, Time: 00:04:25

Health: -1/30      AC:  3    Str:  7    XL:     4   Next: 54%
Magic:  1/7        EV: 13    Int: 17    God:
Gold:   127        SH:  0    Dex: 15    Spells: 4/7 levels left

rFire    . . .     SeeInvis +   a - +1 dagger
rCold    + + .     Gourm    .   (no shield)
rNeg     + + +     Faith    .   b - +0 robe
rPois    ∞         Spirit   .   (no helmet)
rElec    .         Reflect  .   j - +0 cloak
rCorr    .         Harm     .   (no gloves)
MR       .....                  (no boots)
Stlth    +++++.....             (no amulet)
Regen    0.0/turn               (no ring)
MPRegen  0.1/turn               (no ring)

@: bloodless, non-regenerating
A: fangs 3, see invisible, unbreathing
a: Bat Form


You were on level 3 of the Dungeon.
You were bloodless.

You visited 1 branch of the dungeon, and saw 3 of its levels.

You collected 127 gold pieces.


Innate Abilities, Weirdness & Mutations

You do not heal naturally.
You are immune to poison.
You have razor-sharp teeth.
You have supernaturally acute eyesight. (SInv)
You can survive without breathing.


   Skills:
 + Level 2.5 Short Blades
 - Level 2.1 Dodging
 + Level 5.5 Stealth
 - Level 2.0 Spellcasting
 + Level 5.5 Hexes
 + Level 1.8 Ice Magic


You had 4 spell levels left.
You knew the following spells:

 Your Spells              Type           Power        Failure   Level  Hunger
x - Ensorcelled Hibernat  Hex/Ice        ##....       6%          2    ###....
z - Corona                Hex            ###....      1%          1    #......

Inventory:

Hand Weapons
 a - a +1 dagger (weapon)
Armour
 b - a +0 robe (worn)
 j - a +0 cloak (worn)
Wands
 p - a wand of confusion (16/48)
Scrolls
 e - a scroll of enchant armour {unknown}
 h - 3 scrolls of identify {unknown}
 k - a scroll of recharging {unknown}
 l - a scroll of immolation {unknown}
 n - a scroll of enchant weapon {unknown}
 q - 2 scrolls of teleportation {unknown}
Potions
 d - 21 potions of blood
 g - a potion of might
 i - a potion of agility
 m - a potion of brilliance {unknown}
 o - a potion of curing {unknown}
 r - a potion of haste {unknown}
Books
 c - a book of Maledictions

   Spells                             Type                      Level
   a - Corona                         Hexes                        1
   b - Ensorcelled Hibernation        Hexes/Ice                    2
   c - Confuse                        Hexes                        3
   d - Tukima's Dance                 Hexes                        3
   e - Dazzling Spray                 Conjuration/Hexes            3

Dungeon Overview and Level Annotations

Branches:
Dungeon (3/15)

Altars:
Elyvilon
Sif Muna

##..............######...#
##.....))............'...#
##....((.......#######...#
++<....)..........# #...#
##..............#.# #...#
+...............#.# #####
###########g....#.# #
#.#####.# # #h#ghS@.# #
#.#.##### ######### #...#
.......<# ##### #########


You could see an adder, a jackal and a hobgoblin.


Message History

The jackal closely misses you. The adder barely misses you.
The jackal bites you.
* * * LOW HITPOINT WARNING * * *
The adder barely misses you.
Casting: Ensorcelled Hibernation
Confirm with . or Enter, or press ? or * to list all spells.
You don't have enough magic to cast that spell.
The adder barely misses you. The adder bites you.
* * * LOW HITPOINT WARNING * * *
The adder barely misses you.
It was a potion of might.
You feel very mighty all of a sudden. The adder bites you.
* * * LOW HITPOINT WARNING * * *
Okay, then.
You hit the adder.
The adder is moderately wounded.
The adder bites you.
* * * LOW HITPOINT WARNING * * *
The adder closely misses you.
Unknown command.
It was a potion of cancellation.
Your magical effects are unravelling.
You feel magically purged.
Your magical contamination has completely faded away.
You feel a little less mighty now. The adder bites you.
You die...

Skill      XL: |  1  2  3 |
---------------+----------+-----
Stealth        | 5 |  5.5
Hexes          | 5 |  5.5
Short Blades   | 2 |  2.5
Ice Magic      | 1 |  1.8
Dodging        | |  2.1
Spellcasting   | |  2.0

Action                   |  1- 3 |  4- 6 || total
-------------------------+-------+-------++-------
Melee: Dagger            |   111 |    55 ||   166
       Bite              |     7 |     3 ||    10
 Cast: Ensorcelled Hiber |    11 |    15 ||    26
       Corona            |     1 |       ||     1
  Use: Potion            |     1 |     2 ||     3
 Stab: Sleeping          |    20 |    16 ||    36
Armor: Robe              |    20 |    33 ||    53
Dodge: Dodged            |    82 |    90 ||   172

Vault maps used:
D:1:      dpeg_arrival_rooms_with_view, serial_glass, glass_columns_a,
          glass_columns_a, feat_on_display, minmay_strange_pillars,
          minmay_strange_pillars, serial_bayou_lake_a
D:2:      led_sif_pool
D:3:      elyvilon_altar_3, first_bread

Notes
Turn   | Place    | Note
-------+----------+-------------------------------------------
     0 | D:1      | Jazqa the Vampire Enchanter began the quest for the Orb.
     0 | D:1      | Reached XP level 1. HP: 13/13 MP: 3/3
   144 | D:1      | Reached XP level 2. HP: 14/19 MP: 5/5
   232 | D:1      | Reached skill level 5 in Stealth
   280 | D:1      | Reached skill level 5 in Hexes
   292 | D:1      | Learned a level 2 spell: Ensorcelled Hibernation
   612 | D:1      | Reached skill level 2 in Short Blades
   634 | D:1      | Reached XP level 3. HP: 24/24 MP: 2/6
  1231 | D:2      | Reached skill level 1 in Ice Magic
  1236 | D:2      | Reached XP level 4. HP: 16/30 MP: 2/7
  1641 | D:2      | Found a deep blue altar of Sif Muna.
  1968 | D:3      | Found a white marble altar of Elyvilon.
  2090 | D:3      | HP: 2/30 [adder (3)]
  2091 | D:3      | Slain by an adder

Vanquished Creatures
  3 adders
  An ooze (D:1)
  3 dart slugs
  A leopard gecko (D:2)
  5 giant cockroaches
  2 goblins
  12 hobgoblins
  9 jackals
  2 ball pythons
  7 bats
  3 frilled lizards
  5 kobolds
  10 rats
63 creatures vanquished.
